 Dungeon Crawl Stone Soup version 0.30-a0-1066-g63dfefce0d (webtiles) character file.

Game seed: 1337051143664173139

553 Dittersdorf the Covered (level 7, -4/44 HPs)
             Began as a Gargoyle Fighter on Apr 12, 2023.
             Slain by a wyvern zombie (10 damage)
             ... on level 5 of the Dungeon.
             The game lasted 00:04:41 (3816 turns).

Dittersdorf the Covered (Gargoyle Fighter)          Turns: 3816, Time: 00:04:41

Health: -4/44      AC: 15    Str: 22    XL:     7   Next: 29%
Magic:  7/7        EV:  8    Int:  8    God:
Gold:   208        SH:  4    Dex:  9    Spells: 6/6 levels left

rFire   . . .      SeeInvis .    a - +0 flail
rCold   . . .      Faith    .    c - +0 buckler
rNeg    + . .      Spirit   .    y - +0 chain mail
rPois   ∞          Reflect  .    w - +0 helmet
rElec   +          Rampage  .    (no cloak)
rCorr   .                        (no gloves)
Will    .....                    (no boots) Stlth
                                 (no amulet)
HPRegen 0.27/turn                (no ring)
MPRegen 0.10/turn                (no ring)

@: studying Unarmed Combat
A: sickness immunity, AC +4, negative energy resistance 1, electricity
resistance, torment resistance 1, petrification resistance
a: no special abilities


You were on level 5 of the Dungeon.
You visited 1 branch of the dungeon, and saw 5 of its levels.

You collected 278 gold pieces.
You spent 70 gold pieces at shops.

Inventory:

Hand Weapons
 a - a +0 flail (weapon)
Armour
 c - a +0 buckler (worn)
 w - a +0 helmet (worn)
 y - a +0 chain mail (worn)
Jewellery
 q - a ring of ice
Wands
 b - a wand of light (5)
Scrolls
 f - a scroll of brand weapon {unknown}
 h - 4 scrolls of teleportation {unknown}
 j - 2 scrolls of immolation {unknown}
 k - 2 scrolls of enchant armour {unknown}
 l - 3 scrolls of noise {unknown}
 o - a scroll of silence {unknown}
 t - a scroll of amnesia {unknown}
 v - a scroll of magic mapping
Potions
 d - 2 potions of might
 i - a potion of flight
 m - 2 potions of curing {unknown}
 n - 2 potions of magic {unknown}
 p - 2 potions of heal wounds
 s - 3 potions of brilliance
 u - a potion of resistance


   Skills:
 + Level 5.2 Fighting
 + Level 4.1 Maces & Flails
 + Level 5.3 Armour
 + Level 5.2 Shields


You had 6 spell levels left.
You didn't know any spells.
Your spell library contained the following spells:

 Spells                   Type           Power      Damage    Failure   Level
 Beastly Appendage        Tmut           0%         N/A       98%         1
 Summon Small Mammal      Summ           0%         N/A       98%         1
 Wereblood                Tmut           0%         N/A       99%         2
 Call Canine Familiar     Summ           0%         N/A       100%        3
 Ignite Poison            Fire/Tmut/Pois 0%         N/A       100%        3
 Portal Projectile        Hex/Tloc       0%         N/A       100%        3
 Spider Form              Tmut/Pois      0%         N/A       100%        3
 Summon Guardian Golem    Hex/Summ       0%         N/A       100%        3
 Leda's Liquefaction      Hex/Erth       0%         N/A       100%        4
 Freezing Cloud           Conj/Ice/Air   0%         6-21      100%        5
 Cigotuvi's Dreadful Rot  Necr/Pois/Air  Unusable   N/A       N/A         2

Dungeon Overview and Level Annotations

Branches:
Dungeon (5/15)
 Temple: D:4-7

Altars:
Fedhas
Kikubaaqudgha

Shops:
D:4 !


Innate Abilities, Weirdness & Mutations

You are immune to sickness and miasma.
Your stone body is resilient. (AC +4)
You are immune to poison.
You resist negative energy. (rN+)
You are resistant to electric shocks. (rElec)
You are resistant to unholy torment.
You are immune to petrification.


Message History

The scorpion zombie hits you but does no damage.
The bullfrog zombie hits you but does no damage.
You hit the wyvern zombie.
The wyvern zombie is severely damaged.
The wyvern zombie bites you.
The scorpion zombie hits you but does no damage.
The bullfrog zombie barely misses you. The wyvern zombie bites you.
The bullfrog zombie barely misses you. You block the scorpion zombie's attack.
You sock the wyvern zombie!
The wyvern zombie is almost destroyed.
The wyvern zombie completely misses you.
The bullfrog zombie hits you but does no damage.
The scorpion zombie closely misses you. The wyvern zombie bites you.
You hit the wyvern zombie but do no damage.
The wyvern zombie is almost destroyed.
You block the bullfrog zombie's attack. The wyvern zombie bites you!
The scorpion zombie hits you. The bullfrog zombie closely misses you.
The wyvern zombie bites you!
* * * LOW HITPOINT WARNING * * *
You are too injured to fight recklessly!
You are too injured to fight recklessly!
You are too injured to fight recklessly!
You are too injured to fight recklessly!
You are too injured to fight recklessly!
You are too injured to fight recklessly!
You are too injured to fight recklessly!
You are too injured to fight recklessly!
You are too injured to fight recklessly!
You are too injured to fight recklessly!
You are too injured to fight recklessly!
You are too injured to fight recklessly!
You are too injured to fight recklessly!
You are too injured to fight recklessly!
You are too injured to fight recklessly!
You are too injured to fight recklessly!
You are too injured to fight recklessly!
You are too injured to fight recklessly!
The bullfrog zombie hits you but does no damage.
The scorpion zombie barely misses you. The wyvern zombie bites you!
You die...

************ ####### ,,,,,,,,,,,*
#@ZZ..# ,,,,,,,,,,,* #ZZ...#
,,,,,,,,,,,* #Z(...# ,,,,,,,,,,,*
#.....# ,,,,,,,,,,,* #.....#
,,,,,,,,,,,* #.....#
,,,,,,,,,..#####.....############
****+**,,........###.....ZZ......
,,,,,,*,,........#...#.Z.........


You could see 2 bullfrog zombies, a wyvern zombie, a scorpion zombie and a water
moccasin skeleton.

Vanquished Creatures
  An ice beast (D:4)
  2 scorpions
  An orc priest (D:3)
  3 iguanas
  An orc wizard (D:4)
  Robin (D:3)
  7 adders
  2 worms
  2 dart slugs
  16 orcs
  8 endoplasms
  5 giant cockroaches
  13 goblins
  7 hobgoblins
  5 jackals (D:1)
  7 kobolds
  2 quokkas
  11 ball pythons
  6 bats
  4 frilled lizards
  5 rats
109 creatures vanquished.

Vanquished Creatures (others)
  3 withered plants (D:5)
3 creatures vanquished.

Grand Total: 112 creatures vanquished

Notes
Turn   | Place    | Note
-------+----------+-------------------------------------------
     0 | D:1      | Dittersdorf the Gargoyle Fighter began the quest for the
                  | Orb.
     0 | D:1      | Reached XP level 1. HP: 14/14 MP: 1/1
   139 | D:1      | Reached XP level 2. HP: 19/19 MP: 2/2
   506 | D:1      | Reached XP level 3. HP: 23/23 MP: 3/3
  1110 | D:2      | You fall into a shaft and drop 2 floors!
  1116 | D:4      | Found Wuroawkaop's Distillery.
  1125 | D:4      | Bought a potion of heal wounds for 70 gold pieces
  1145 | D:4      | Found a blossoming altar of Fedhas.
  1227 | D:4      | Reached XP level 4. HP: 29/29 MP: 4/4
  1325 | D:4      | Noticed an ice beast
  1344 | D:4      | HP: 1/29 [something (1)]
  1357 | D:4      | Reached XP level 5. HP: 7/33 MP: 5/5
  1363 | D:4      | Killed an ice beast
  1549 | D:3      | Reached XP level 6. HP: 39/39 MP: 6/6
  1618 | D:3      | Found an ancient bone altar of Kikubaaqudgha.
  2605 | D:3      | Noticed Robin
  2675 | D:3      | Killed Robin
  2956 | D:4      | Reached skill level 5 in Fighting
  2956 | D:4      | Reached skill level 5 in Armour
  3201 | D:4      | Reached skill level 5 in Shields
  3201 | D:4      | Reached XP level 7. HP: 34/44 MP: 7/7
  3493 | D:5      | Entered Level 5 of the Dungeon
  3613 | D:5      | Identified the +1 robe of Benevolence {rF+}
  3816 | D:5      | Slain by a wyvern zombie

Illustrated notes

Levels and vault maps discovered:
D:1:      minmay_arrival_hallway, layout_basic
D:2:      layout_rooms
D:3:      layout_basic, old_standard_altar, uniq_robin
D:4:      layout_loops_ring, amcnicky_altar_gilded, serial_shops,
          nicolae_square_shop
D:5:      corexii_shack_village, layout_gridville, tso_oasis_becter,
          slow_altar_1, serial_undead, serial_undead_b, serial_undead_e,
          serial_undead_f, serial_undead_d, serial_undead_c, serial_undead_b,
          serial_undead_a, serial_undead_a, uniq_eustachio, uniq_menkaure

Skill      XL: |  1  2  3  4  5  6  7 |
---------------+----------------------+-----
Fighting       | 4 5 |  5.2
Armour         | 4 5 |  5.3
Shields        | 4 5 |  5.2
Maces & Flails | 3 4 |  4.1

Action                     |  1- 3 |  4- 6 |  7- 9 || total
---------------------------+-------+-------+-------++-------
  Melee: Flail             |   144 |   253 |    46 ||   443
    Use: Potion            |       |     2 |       ||     2
         Scroll            |       |       |     7 ||     7
 Armour: Scale mail        |    69 |    55 |       ||   124
         Leather armour    |       |    88 |       ||    88
         Chain mail        |       |       |    54 ||    54
  Dodge: Dodged            |    59 |   138 |    35 ||   232
  Block: Buckler           |    34 |    61 |    27 ||   122

Table legend: (Time is in decaauts)
 A = Elapsed time spent in this place.
 B = Non-inter-level travel time spent in this place.
 C = Inter-level travel time spent in this place.
 D = Time resting spent in this place.
 E = Time spent auto-exploring this place.
 F = Levels seen in this place.
 G = Mean time per level.
                   A        B        C        D        E       F      G
               +--------+--------+--------+--------+--------+-----+--------+
         Total |   3943 |   3735 |    208 |    215 |   2577 |   5 |  788.6 |
       Dungeon |   3943 |   3735 |    208 |    215 |   2577 |   5 |  788.6 |
               +--------+--------+--------+--------+--------+-----+--------+

Top non-repeatable levels by time:
     D:4: 1148 daAuts
     D:3: 1019 daAuts
     D:1: 967 daAuts
     D:2: 630 daAuts
     D:5: 177 daAuts
